 Dungeon Crawl Stone Soup version 0.19.5 (webtiles) character file.

116 Gargoyl the Skirmisher (level 5, -1/46 HPs)
             Began as a Ghoul Abyssal Knight on Mar 2, 2017.
             Was a Follower of Lugonu.
             Killed from afar by Ijyb (7 damage)
             ... with a wand of acid
             ... on level 2 of the Dungeon.
             The game lasted 00:04:48 (1390 turns).

Gargoyl the Skirmisher (Ghoul Abyssal Knight)       Turns: 1390, Time: 00:04:50

Health: -1/46      AC:  7    Str: 16    XL:     5   Next: 0%
Magic:  6/6        EV:  5    Int:  7    God:    Lugonu [*.....]
Gold:   178        SH:  0    Dex:  9    Spells: 0 memorised, 4 levels left

rFire  + . .     SeeInvis .     a - +1 hand axe
rCold  + + .     Gourm    .     f - +0 plate armour
rNeg   + + +     Faith    .     (no shield)
rPois  ∞         Spirit   .     (no helmet)
rElec  +         Reflect  .     (no cloak)
rCorr  +         Harm     .     (no gloves)
MR     .....                    (no boots)
Stlth  ..........               (no amulet)
                                (no ring)
                                (no ring)

@: resistant, corroded, rotting
A: rotting body, claws 1, carnivore 3, cold resistance 1, negative energy
resistance 3, slow regeneration 1, torment resistance, unbreathing
a: Depart the Abyss, Renounce Religion


You were on level 2 of the Dungeon.
You worshipped Lugonu.
Lugonu was aware of your devotion.
You were not hungry.

You visited 1 branch of the dungeon, and saw 2 of its levels.
You visited the Abyss 1 time.

You collected 178 gold pieces.

Inventory:

Hand Weapons
 a - a +1 hand axe (weapon)
Armour
 f - a +0 plate armour (worn)
Jewellery
 e - an uncursed ring of positive energy {unknown}
Scrolls
 i - a scroll of remove curse {unknown}
 k - a scroll of fear {unknown}
 l - 2 scrolls of identify
 m - a scroll of blinking {unknown}
Potions
 n - a potion of magic
Comestibles
 b - 2 beef jerkies
 c - 4 meat rations
 d - a slice of pizza


   Skills:
 + Level 4.0 Fighting
 + Level 2.7 Axes
 * Level 2.9 Armour
 + Level 0.8 Dodging
 * Level 3.0 Invocations


You had 4 spell levels left.
You didn't know any spells.

Dungeon Overview and Level Annotations

Branches:
Dungeon (2/15)

Altars:

Annotations:
D:2 Ijyb, Natasha


Innate Abilities, Weirdness & Mutations

Your body is rotting away.
You thrive on raw meat.
You are immune to poison.
You have sharp fingernails.
You are carnivorous and can eat meat at any time.
Your flesh is cold resistant. (rC+)
You are immune to negative energy. (rN+++)
You regenerate slowly when monsters are visible.
You are immune to unholy pain and torment.
You can survive without breathing.


Message History

The white imp gestures at you. The puff of frost hits you! You resist.
The adder bites you.
You barely miss Natasha.
Natasha is almost dead.
You closely miss Ijyb.
Your plate armour prevents you from hitting the white imp.
You miss the adder. Natasha claws you. Ijyb hits you with a club.
The adder bites you.
* * * LOW HITPOINT WARNING * * *
The white imp hits you but does no damage.
Natasha claws you.
* * * LOW HITPOINT WARNING * * *
You barely miss Natasha.
Natasha is almost dead.
You closely miss Ijyb. You hit the white imp but do no damage.
You miss the adder. The adder bites you.
* * * LOW HITPOINT WARNING * * *
Ijyb screams, "Level is mine!
All mine!"
Ijyb zaps a wand.
The bolt of acid hits you! You resist.
You die...

.. ##. ... .. ###.#
####### .g.# #...... #
#Sh# # ###.#####
#.##@g#.###.#......##
#....5......#.#.##.##
####.########....#.##
#...# #....#.##
#...#######....#.##
#.........#......#
#####...#####........#
.#...........#........##
.................###....


You could see Ijyb, Natasha, an adder, a white imp and a goblin.

Vanquished Creatures
  Jessica (D:2)
  Natasha (D:2)
  A gnoll (D:1)
  An adder (D:2)
  A worm (D:2)
  A dart slug (D:2)
  A leopard gecko (D:1)
  7 bats
  3 giant cockroaches (D:1)
  2 goblins
  4 hobgoblins
  6 jackals (D:1)
  4 kobolds
  5 rats
38 creatures vanquished.

Notes
Turn   | Place    | Note
-------+----------+-------------------------------------------
     0 | Abyss:1  | Gargoyl the Ghoul Abyssal Knight began the quest for the Orb.
     0 | Abyss:1  | Reached XP level 1. HP: 19/19 MP: 1/1
   175 | Abyss:3  | Noticed a thrashing horror
   176 | D:1      | Escaped the Abyss
   347 | D:1      | Reached XP level 2. HP: 23/26 MP: 2/2
   478 | D:1      | Reached * piety under Lugonu
   726 | D:1      | Reached XP level 3. HP: 26/33 MP: 3/3
  1012 | D:2      | Noticed Jessica
  1037 | D:2      | Killed Jessica
  1037 | D:2      | Reached skill level 4 in Fighting
  1037 | D:2      | Reached XP level 4. HP: 35/40 MP: 3/5
  1269 | D:2      | Noticed Natasha
  1281 | D:2      | Killed Natasha
  1374 | D:2      | Noticed Natasha
  1374 | D:2      | Noticed Ijyb
  1379 | D:2      | Reached XP level 5. HP: 46/46 MP: 6/6
  1390 | D:2      | Killed from afar by Ijyb

Skill      XL: |  1  2  3  4 |
---------------+-------------+-----
Armour         | 2 |  2.9
Axes           | 2 |  2.7
Fighting       | 4 |  4.0
Invocations    | 3 |  3.0
Dodging        | |  0.8

Action                   |  1- 3 |  4- 6 || total
-------------------------+-------+-------++-------
Melee: Hand axe          |    95 |    67 ||   162
Invok: Depart the Abyss  |     1 |       ||     1
  Use: Potion            |     4 |     3 ||     7
       Scroll            |     2 |       ||     2
  Eat: Chunk             |     8 |     8 ||    16
Armor: Plate armour      |   113 |    77 ||   190
Dodge: Dodged            |    46 |    25 ||    71
